 Dungeon Crawl Stone Soup version 0.28.0-55-gcd9437bce4 (webtiles) character file.

Game seed: 2830385076940981162

84 nerdsy the Cudgeller (level 4, 0/34 HPs)
             Began as a Gnoll Wanderer on Dec 28, 2022.
             Slain by an ice beast (9 damage)
             ... on level 3 of the Dungeon.
             The game lasted 00:19:55 (2110 turns).

nerdsy the Cudgeller (Gnoll Wanderer)               Turns: 2110, Time: 00:19:56

Health: 0/34       AC:  3    Str:  9    XL:     4   Next: 46%
Magic:  1/11       EV: 11    Int: 12    God:
Gold:   137        SH:  5    Dex: 15    Spells: 12/13 levels left

rFire   . . .      SeeInvis .   a - +2 mace
rCold   . . .      Faith    .   b - +0 buckler
rNeg    . . .      Spirit   .   f - +0 leather armour
rPois   .          Reflect  .   (no helmet)
rElec   .          Harm     .   (no cloak)
rCorr   .          Rampage  .   (no gloves)
Will    .....                   (no boots)
Stlth   ++........              (no amulet)
HPRegen 0.11/turn               p - ring of flight
MPRegen 0.12/turn               (no ring)

@: flying
A: fangs 1, strong nose, distributed training
a: no special abilities


You were on level 3 of the Dungeon.
You visited 1 branch of the dungeon, and saw 3 of its levels.

You collected 137 gold pieces.

Inventory:

Hand Weapons
 a - a +2 mace (weapon)
 i - a +0 whip of venom
 k - a +0 short sword
Missiles
 d - 163 stones
 h - 27 arrows
 n - 3 javelins
Armour
 b - a +0 buckler (worn)
 c - a +0 robe
 f - a +0 leather armour (worn)
Jewellery
 p - a ring of flight (left hand)
Scrolls
 e - a scroll of acquirement {unknown}
 g - a scroll of identify {unknown}
 l - a scroll of teleportation {unknown}
 m - a scroll of noise {unknown}
 o - a scroll of amnesia {unknown}
 q - a scroll of vulnerability {unknown}
Potions
 j - a potion of flight {unknown}


   Skills:
 + Level 2.7 Fighting
 + Level 1.1 Short Blades
 + Level 1.1 Long Blades
 + Level 1.1 Axes
 + Level 6.6 Maces & Flails
 + Level 1.1 Polearms
 + Level 1.1 Staves
 + Level 1.1 Slings
 + Level 1.1 Bows
 + Level 1.1 Crossbows
 + Level 1.1 Throwing
 + Level 1.1 Armour
 + Level 2.7 Dodging
 + Level 2.5 Stealth
 + Level 2.7 Shields
 + Level 1.1 Unarmed Combat
 + Level 5.1 Spellcasting
 + Level 2.2 Conjurations
 + Level 0.9 Hexes
 + Level 0.9 Summonings
 + Level 0.9 Necromancy
 + Level 0.9 Translocations
 + Level 0.9 Transmutations
 + Level 0.9 Fire Magic
 + Level 0.9 Ice Magic
 + Level 0.9 Air Magic
 + Level 0.9 Earth Magic
 + Level 0.9 Poison Magic
 + Level 1.2 Invocations
 + Level 1.1 Evocations


You had 12 spell levels left.
You knew the following spells:

 Your Spells              Type           Power      Damage    Failure   Level
a - Shock                 Conj/Air       24%        1d4       19%         1

Your spell library contained the following spells:

 Spells                   Type           Power      Damage    Failure   Level
 Animate Skeleton         Necr           10%        N/A       26%         1
 Freeze                   Ice            20%        1d4       26%         1
 Pain                     Necr           20%        1d5       26%         1
 Mephitic Cloud           Conj/Pois/Air  6%         N/A       54%         3
 Ozocubu's Armour         Ice            5%         N/A       58%         3
 Vampiric Draining        Necr           5%         2d6       58%         3
 Alistair's Intoxication  Tmut/Pois      3%         N/A       100%        5


Dungeon Overview and Level Annotations

Branches:
Dungeon (3/15)

Altars:

Shops:
D:1 ?


Innate Abilities, Weirdness & Mutations

You have very sharp teeth.
Your uncanny sense of smell can sniff out nearby items.
Your experience applies equally to all skills.


Message History

The ice beast is lightly wounded.
Casting: Shock (safe; 19% risk of failure)
Confirm with . or Enter, or press ? or * to list all spells.
Aiming: Shock (safe; 19% risk of failure)
Press: ? - help, Shift-Dir - straight line, f/p - ice beast
Aim: an ice beast (lightly wounded, 64% to hit)
The zap hits the ice beast.
The ice beast is lightly wounded.
Casting: Shock (safe; 19% risk of failure)
Confirm with . or Enter, or press ? or * to list all spells.
Aiming: Shock (safe; 19% risk of failure)
Press: ? - help, Shift-Dir - straight line, f/p - ice beast
Aim: an ice beast (lightly wounded, 64% to hit)
The zap hits the ice beast.
The ice beast is lightly wounded.
Casting: Shock (safe; 19% risk of failure)
Confirm with . or Enter, or press ? or * to list all spells.
You don't have enough magic to cast this spell.
The ice beast barely misses you.
Items here: ))) [ †.
You closely miss the ice beast.
The ice beast is lightly wounded.
The ice beast closely misses you.
Your magical contamination has completely faded away.
You hit the ice beast.
You bite the ice beast, but do no damage.
The ice beast is moderately wounded.
The ice beast hits you but does no damage.
You barely miss the ice beast.
The ice beast is moderately wounded.
The ice beast closely misses you.
You hit the ice beast.
The ice beast is moderately wounded.
You block the ice beast's attack.
You hit the ice beast.
The ice beast is heavily wounded.
The ice beast hits you.
* * * LOW HITPOINT WARNING * * *
The ice beast freezes you!
You die...

.. # #######..
#.####.......#
..##............#
#......)@Y......##
#########.........
#......#.#
#.........
#......#.#
#.####.... #.##
#.# #.<# . ##.#


You could see an ice beast.

Vanquished Creatures
  An orc priest (D:3)
  A gnoll (D:1)
  A worm (D:2)
  4 orcs (D:3)
  2 bats (D:1)
  9 endoplasms
  6 goblins
  2 kobolds (D:2)
  2 quokkas (D:1)
  A ball python (D:1)
  A frilled lizard (D:2)
  6 rats
36 creatures vanquished.

Notes
Turn   | Place    | Note
-------+----------+-------------------------------------------
     0 | D:1      | nerdsy the Gnoll Wanderer began the quest for the Orb.
     0 | D:1      | nerdsy set off with the following items: a +2 mace, a +0
                  | buckler, a +0 robe; and the following spell memorised:
                  | Shock; and the following spells available to memorise:
                  | Mephitic Cloud
     0 | D:1      | Reached XP level 1. HP: 17/17 MP: 6/6
    31 | D:1      | Reached XP level 2. HP: 14/23 MP: 1/7
   286 | D:1      | Got Fosau's Grimoire of Glacial Transmutation
   632 | D:1      | Found Loma's Magic Scroll Shop.
   674 | D:1      | Found a faded altar of an unknown god.
   793 | D:1      | Reached skill level 5 in Spellcasting
   793 | D:1      | Reached XP level 3. HP: 28/28 MP: 1/9
  1663 | D:2      | Reached skill level 1 in Invocations
  2061 | D:3      | Reached skill level 1 in Short Blades
  2061 | D:3      | Reached skill level 1 in Long Blades
  2061 | D:3      | Reached skill level 1 in Axes
  2061 | D:3      | Reached skill level 1 in Polearms
  2061 | D:3      | Reached skill level 1 in Staves
  2061 | D:3      | Reached skill level 1 in Slings
  2061 | D:3      | Reached skill level 1 in Bows
  2061 | D:3      | Reached skill level 1 in Crossbows
  2061 | D:3      | Reached skill level 1 in Throwing
  2061 | D:3      | Reached skill level 1 in Armour
  2061 | D:3      | Reached skill level 1 in Unarmed Combat
  2061 | D:3      | Reached skill level 1 in Evocations
  2061 | D:3      | Reached XP level 4. HP: 8/34 MP: 1/11
  2099 | D:3      | Noticed an ice beast
  2110 | D:3      | Slain by an ice beast

Illustrated notes

Levels and vault maps discovered:
D:1:      dpeg_arrival_windows_large_door, layout_rooms, serial_shops,
          shop_coins, dilly_ecumenical_altar_fadedgnrine
D:2:      layout_loops_cross, kennysheep_potato
D:3:      kennysheep_goblin_castle, layout_rooms, serial_co_window_serial,
          co_window_corner_a, co_window_of_opportunity_a, co_window_paths_a,
          co_window_corner_a, co_window_corner_a, co_window_paths_a,
          co_window_corner_a, co_window_corner_cb, co_window_broadway_a,
          co_window_paths_c, co_window_4corner_b, glass_columns_b

Skill      XL: |  1  2  3 |
---------------+----------+-----
Conjurations   | 2 |  2.2
Spellcasting   | 5 |  5.1
Invocations    | 1 |  1.2
Short Blades   | 1 |  1.1
Long Blades    | 1 |  1.1
Axes           | 1 |  1.1
Polearms       | 1 |  1.1
Staves         | 1 |  1.1
Slings         | 1 |  1.1
Bows           | 1 |  1.1
Crossbows      | 1 |  1.1
Throwing       | 1 |  1.1
Armour         | 1 |  1.1
Unarmed Combat | 1 |  1.1
Evocations     | 1 |  1.1
Fighting       | |  2.7
Maces & Flails | |  6.6
Dodging        | |  2.7
Stealth        | |  2.5
Shields        | |  2.7
Hexes          | |  0.9
Summonings     | |  0.9
Necromancy     | |  0.9
Translocations | |  0.9
Transmutations | |  0.9
Fire Magic     | |  0.9
Ice Magic      | |  0.9
Air Magic      | |  0.9
Earth Magic    | |  0.9
Poison Magic   | |  0.9

Action                   |  1- 3 |  4- 6 || total
-------------------------+-------+-------++-------
Melee: Mace              |    25 |    13 ||    38
       Bite              |     1 |     1 ||     2
 Cast: Shock             |    59 |     5 ||    64
Armor: Leather armour    |     5 |     3 ||     8
Dodge: Dodged            |     7 |     4 ||    11
Block: Buckler           |     2 |     2 ||     4
